 Dungeon Crawl Stone Soup version 0.31.0-11-ge490571c62 (webtiles) character file.

Game seed: 704993929241955164

39722 croobank the Skirmisher (level 13, -15/102 HPs)
             Began as a Demonspawn Summoner on Jan 27, 2024.
             Was a High Priest of Kikubaaqudgha.
             Demolished by a death yak (19 damage)
             ... on level 3 of the Lair of Beasts.
             The game lasted 01:09:53 (18186 turns).

croobank the Skirmisher (Demonspawn Summoner)      Turns: 18186, Time: 01:09:53

Health: -15/102    AC:  7    Str: 14    XL:     13   Next: 70%
Magic:  19/24      EV: 14    Int: 28    God:    Kikubaaqudgha [*****.]
Gold:   1013       SH:  0    Dex: 11    Spells: 4/27 levels left

rFire   + . .        a - +7 hand axe of Exquisite Torment {freeze, Dex+3}
rCold   + + +        (no shield)
rNeg    + . .        M - +3 leather armour {rC+}
rPois   .            (no helmet)
rElec   .            x - scarf {rC+ rF+}
rCorr   .            (no gloves)
SInv    .            o - +0 pair of boots
Will    .....        y - amulet of the acrobat
Stlth   ++           m - ring "Mepojuv" {rC+ rN+ Str+6 Dex-5}
HPRegen 0.37/turn    E - +6 ring of intelligence
MPRegen 0.38/turn

%: acrobat
@: about to teleport
A: hooves 1, ignite blood 2, magic regeneration, weakness stinger 2, demonic
touch 2
a: Renounce Religion, Unearth Wretches, Torment


You were on level 3 of the Lair of Beasts.
You worshipped Kikubaaqudgha.
Kikubaaqudgha was extremely pleased with you.
You visited 3 branches of the dungeon, and saw 16 of its levels.
You also visited: Sewer, Ossuary and Gauntlet.

You collected 1013 gold pieces.

Inventory:

Hand Weapons
 a - the +7 hand axe of Exquisite Torment (weapon) {freeze, Dex+3}
   (You found it on level 2 of the Dungeon)

   Dex+3:     It affects your dexterity (+3).
 b - a +8 orcbow
 c - a +3 short sword
 r - a +2 broad axe of electrocution
 K - a +1 halberd of flaming
 N - a +4 long sword of freezing
 U - a +2 war axe of electrocution
Missiles
 z - 6 silver javelins (quivered)
 R - a curare-tipped dart
Armour
 o - a +0 pair of boots (worn)
 x - a scarf of resistance (worn)
 L - a +2 leather armour of willpower
 M - a +3 leather armour of cold resistance (worn)
 Y - the +2 ring mail of Ythrenew {Harm rPois Regen+}
   (You found it in a Gauntlet)

   rPois:     It protects you from poison Regen+: It increases your rate of
   health regeneration.
   Harm:      It increases damage dealt and taken.
Magical Staves
 A - a staff of death
Jewellery
 j - a +5 ring of evasion
 m - the ring "Mepojuv" (left hand) {rC+ rN+ Str+6 Dex-5}
   (You found it in a Gauntlet)

   [ring of strength]

   Str+6:     It affects your strength (+6).
   Dex-5:     It affects your dexterity (-5).
   rC+:       It protects you from cold.
   rN+:       It protects you from negative energy.
 p - a ring of fire
 q - a ring of fire
 s - a ring of magical power
 y - an amulet of the acrobat (around neck)
 C - a ring of see invisible
 E - a +6 ring of intelligence (right hand)
 J - a +4 ring of slaying
 S - a ring of ice
 X - a ring of flight
Talismans
 Q - a maw talisman
Wands
 h - a wand of mindburst (8)
 k - a wand of flame (34)
 v - a wand of iceblast (9)
 B - a wand of paralysis (7)
 P - a wand of light (9)
 V - a wand of polymorph (5)
Scrolls
 f - 4 scrolls of fear
 g - 6 scrolls of teleportation
 t - 2 scrolls of identify
 u - 2 scrolls of fog
 D - 2 scrolls of vulnerability
 H - 2 scrolls of amnesia
 O - 3 scrolls of noise
 T - 3 scrolls of immolation
Potions
 d - 2 potions of mutation
 i - 3 potions of resistance
 l - 4 potions of attraction
 n - 3 potions of cancellation
 w - a potion of magic
 F - 2 potions of curing
 G - 3 potions of lignification
 I - 2 potions of enlightenment


   Skills:
 * Level 9.7 Fighting
 - Level 2.7 Axes
 - Level 10.0 Ranged Weapons
 - Level 5.0 Armour
 + Level 7.8 Dodging
 - Level 5.0 Stealth
 + Level 7.9 Spellcasting
 + Level 9.2 Summonings
 + Level 6.1 Necromancy
 + Level 1.1 Translocations
 - Level 5.0 Fire Magic
 + Level 5.7 Air Magic


You had 4 spell levels left.
You knew the following spells:

 Your Spells              Type           Power      Damage    Failure   Level
b - Call Imp              Summ           100%       N/A       1%          2
c - Call Canine Familiar  Summ           58%        N/A       1%          3
d - Summon Blazeheart Go  Fire/Summ      50%        N/A       3%          4
e - Summon Lightning Spi  Summ/Air       52%        N/A       2%          4
A - Animate Dead          Necr           45%        N/A       4%          4
B - Blink                 Tloc           34%        N/A       6%          2
M - Martyr's Knell        Necr/Summ      53%        N/A       2%          4

Your spell library contained the following spells:

 Spells                   Type           Power      Damage    Failure   Level
 Kiss of Death            Conj/Necr      100%       2d13      1%          1
 Necrotise                Necr           100%       1d9       1%          1
 Summon Small Mammal      Summ           100%       N/A       1%          1
 Cigotuvi's Dreadful Rot  Necr/Alch/Air  66%        N/A       1%          2
 Scorch                   Fire           78%        2d8       1%          2
 Fugue of the Fallen      Necr           45%        N/A       1%          3
 Vampiric Draining        Necr           45%        2d9       1%          3
 Foxfire                  Conj/Fire      100%       2x1d9     2%          1
 Mercury Vapours          Alch/Air       54%        N/A       2%          2
 Dispel Undead            Necr           45%        3d17      4%          4
 Slow                     Hex            44%        N/A       6%          1
 Lesser Beckoning         Tloc           34%        N/A       6%          2
 Inner Flame              Hex/Fire       25%        N/A       7%          3
 Momentum Strike          Conj/Tloc      28%        3d8       8%          2
 Mephitic Cloud           Conj/Alch/Air  21%        N/A       9%          3
 Anguish                  Hex/Necr       14%        N/A       17%         4
 Confusing Touch          Hex            11%        N/A       19%         3
 Sigil of Binding         Hex            11%        N/A       19%         3
 Ignite Poison            Fire/Alch      25%        N/A       22%         4
 Dimensional Bullseye     Hex/Tloc       7%         N/A       43%         4
 Brom's Barrelling Bould  Conj/Erth      11%        2d3       52%         4
 Cause Fear               Hex            5%         N/A       52%         4
 Fulminant Prism          Conj/Alch      5%         3d6       52%         4
 Curse of Agony           Necr           45%        N/A       14%         5
 Fireball                 Conj/Fire      12%        3d7       52%         5
 Death Channel            Necr           22%        N/A       58%         6
 Freezing Cloud           Conj/Ice/Air   10%        6-21      61%         5
 Plasma Beam              Fire/Air       20%        2x1d32    71%         6
 Alistair's Intoxication  Alch           7%         N/A       86%         5
 Iskenderun's Battlesphe  Conj           11%        2d7       86%         5
 Haunt                    Necr/Summ      26%        N/A       91%         7
 Conjure Ball Lightning   Conj/Air       13%        3x3d6     96%         6
 Starburst                Conj/Fire      12%        6d5       98%         6
 Enfeeble                 Hex            5%         N/A       100%        7
 Orb of Destruction       Conj           5%         9d5       100%        7
 Infestation              Necr           22%        N/A       100%        8


Dungeon Overview and Level Annotations

Branches:
Dungeon (12/15)            Temple (1/1) D:6            Lair (3/5) D:8
 Shoals (0/4) Lair:3       Spider (0/4) Lair:2          Orc (0/2) D:9
  Sewer (visited)         Ossuary (visited)         Gauntlet (visited)

Altars:
Ashenzari
Cheibriados
Dithmenos
Fedhas
Gozag
Hepliaklqana
Kikubaaqudgha
Makhleb
Nemelex Xobeh
Okawaru
Qazlal
Ru
Sif Muna
Trog
Uskayaw
Vehumet
Wu Jian
Xom
Yredelemnul

Shops:
D:2 :   D:11 [

Annotations:
Lair:3 Urug


Innate Abilities, Weirdness & Mutations

You have large cloven feet.
Your demonic aura often causes spilled blood to erupt in flames.
You regenerate magic rapidly.
You have a tail ending in a sharp stinger.
Your touch may inflict irresistible damage on your foes.


Message History

The death yak is engulfed in blazing flames.
The death yak gores your blazeheart golem!!
A komodo dragon comes into view.
The komodo dragon hisses angrily.
Urug throws a javelin.
The javelin misses you.
The death yak is engulfed in blazing flames.
The death yak gores your blazeheart golem.
The death yak gores your blazeheart golem!
Your blazeheart golem punches the death yak!!
The death yak dies!
Kikubaaqudgha accepts your kill.
Your blazeheart golem falls apart, revealing its core!
Your Translocations skill increases to level 1!
Your blazeheart core explodes!
The fiery explosion engulfs the death yak!!!
The fiery explosion engulfs the death yak!
Urug winks... or blinks.
The death yak is engulfed in blazing flames.
You kill the death yak!
Kikubaaqudgha accepts your kill.
The death yak is engulfed in blazing flames.
The death yak gores you!!
* * * LOW HITPOINT WARNING * * *
Okay, then.
Okay, then.
Aiming: Paralyse
Press: ? - help, Shift-Dir - straight line, f - death yak
Aim: a death yak (flame, moderately wounded, chance to affect: 1%)
Okay, then.
Unknown command.
Okay, then.
The death yak is engulfed in blazing flames.
The death yak closely misses you.
As you read the scroll of teleportation, it crumbles to dust.
You feel strangely unstable.
Urug screams, "Prepare for a defeathering!"
The death yak is engulfed in blazing flames.
The death yak gores you!!
You die...
Kikubaaqudgha rasps: "You have failed me!
Welcome... death!"

######.......#......**,*~,
####.##.....##..#...,,~~**
#####.########....#**~~~**
#####.............##~~,,~*
#####...<..o........~,>~~~
#####..†.†.○○.....#*~,~~~,
#####....†○°°.....#**~~~,~
#####†####Y○☼.#....#**,*,*
####.?#..@....#.....,*~*~,
####†....☼..........,,,,,,
#####.#..l....#..#,,,,,,,,
#####..............,,,,***
#####.............P,,,*,,,
*#.P.......#..PP,,,,,,,
#P.#..........P,,,,*,,,
#..............,,,,**,+
*,,,,,,,,,,,,,,,,,,,,,>


You could see a death yak, Urug and a komodo dragon.

Vanquished Creatures
  A minotaur (Gauntlet)
  A hydra (D:10)
  A centaur warrior (D:10)
  4 two-headed ogres
  A boulder beetle (D:11)
  A death knight (D:10)
  2 death yaks (Lair:3)
  An obsidian statue (Gauntlet)
  A harpy (shapeshifter) (D:10)
  An ugly thing (D:12)
  3 elephants (Lair:2)
  Joseph (D:10)
  3 black mambas (Lair:1)
  2 cane toads
  Maggie (D:10)
  A gargoyle (D:12)
  2 rime drakes
  5 komodo dragons
  2 trolls
  3 polar bears
  12 blink frogs
  3 slime creatures (D:11)
  6 spriggans (Lair:1)
  2 vampires
  3 wraiths
  4 yaks (Lair:2)
  4 wyverns
  2 steam dragons (D:10)
  Eustachio (D:4)
  4 vampire mosquitoes (D:10)
  4 basilisks (Lair:1)
  4 water moccasins
  5 acid dragons
  Duvessa (D:6)
  2 ice beasts (D:8)
  5 orc warriors
  3 black bears
  An ogre (D:3)
  12 centaurs
  9 wolves
  5 small abominations (Gauntlet)
  2 phantoms
  8 bullfrogs
  2 brain worms (Sewer)
  A gnoll sergeant (D:10)
  A scorpion (D:2)
  11 wights
  Dowan (D:6)
  4 killer bees
  3 electric eels (D:10)
  6 howler monkeys
  6 bullfrog zombies (Ossuary)
  3 hounds
  2 jellies
  5 orc priests
  10 orc wizards
  2 sleepcaps
  Ijyb (D:4)
  3 iguanas
  A killer bee zombie (Ossuary)
  3 crocodile zombies (Ossuary)
  2 hound zombies (Ossuary)
  3 mummies (Ossuary)
  2 howler monkey zombies (Ossuary)
  8 gnolls
  5 river rats
  10 adders
  A shadow imp (D:6)
  4 dart slugs
  3 ribbon worms
  31 orcs
  5 ball pythons
  4 bats
  3 endoplasms
  A giant cockroach (D:3)
  2 hobgoblins
  7 jackals
  3 quokkas
  A ball python zombie (Ossuary)
  8 frilled lizards
  5 goblins
  7 kobolds
  3 rats
322 creatures vanquished.

Vanquished Creatures (collateral kills)
  2 death yaks (Lair:3)
  2 elephants (Lair:2)
  3 cane toads
  4 blink frogs
  A slime creature (D:11)
  Sigmund (D:5)
  2 yaks
  Menkaure (D:5)
  2 water moccasins
  An ice beast (D:6)
  A wolf (Lair:2)
  A kobold brigand (D:8)
  2 bullfrogs
  A wight (D:7)
  3 killer bees
  A howler monkey (D:5)
  A bombardier beetle (D:5)
  Crazy Yiuf (D:4)
  A gnoll bouda (D:7)
  A mummy (Ossuary)
  2 hound zombies (Ossuary)
  A howler monkey zombie (Ossuary)
  5 gnolls
  5 adders
  A river rat (Sewer)
  3 dart slugs
  A ribbon worm (D:6)
  11 orcs
  3 bats
  4 endoplasms
  A giant cockroach (D:1)
  5 goblins
  4 hobgoblins
  6 jackals
  4 quokkas
  8 ball pythons
  A ball python zombie (Ossuary)
  8 frilled lizards
  7 kobolds
  7 rats
119 creatures vanquished.

Vanquished Creatures (others)
  49 blazeheart cores
49 creatures vanquished.

Grand Total: 490 creatures vanquished

Notes
Turn   | Place    | Note
-------+----------+-------------------------------------------
     0 | D:1      | croobank the Demonspawn Summoner began the quest for the
                  | Orb.
     0 | D:1      | Reached XP level 1. HP: 13/13 MP: 3/3
   299 | D:1      | Gained mutation: You regenerate magic rapidly. [demonic
                  | ancestry]
   299 | D:1      | Reached XP level 2. HP: 12/19 MP: 1/5
   364 | D:1      | Learned a level 2 spell: Call Imp
   497 | D:1      | Discovered your monstrous ancestry.
   497 | D:1      | Gained mutation: Your touch may inflict minor irresistible
                  | damage on your foes. [demonic ancestry]
   497 | D:1      | Reached XP level 3. HP: 24/24 MP: 3/6
   501 | D:1      | Learned a level 3 spell: Call Canine Familiar
   573 | D:1      | Found a faded altar of an unknown god.
  1011 | D:2      | Gained mutation: You have a small tail. [demonic ancestry]
  1011 | D:2      | Reached XP level 4. HP: 30/30 MP: 4/7
  1074 | D:2      | Identified the +7 hand axe of Exquisite Torment {freeze,
                  | Dex+3}
  1098 | D:2      | Noticed a scorpion
  1117 | D:2      | Killed a scorpion
  1118 | D:2      | Reached XP level 5. HP: 10/35 MP: 4/9
  1720 | D:2      | Found Tadof's Book Shop.
  1720 | D:2      | Noticed a walking frostbound tome
  1722 | D:2      | Noticed a walking earthen tome
  1763 | D:3      | Learned a level 4 spell: Summon Blazeheart Golem
  1834 | D:3      | Noticed an ogre
  1843 | D:3      | Killed an ogre
  1844 | D:3      | Gained mutation: Your demonic aura sometimes causes spilled
                  | blood to erupt in flames. [demonic ancestry]
  1844 | D:3      | Reached XP level 6. HP: 42/42 MP: 6/10
  1858 | D:3      | Reached skill level 5 in Summonings
  2556 | D:4      | Reached skill level 1 in Fighting
  2722 | D:4      | Found a sacrificial altar of Ru.
  2995 | D:4      | Reached skill level 1 in Fire Magic
  3191 | D:4      | Reached XP level 7. HP: 14/49 MP: 10/12
  3441 | D:4      | Noticed Eustachio
  3472 | D:4      | Killed Eustachio
  3605 | D:4      | Noticed Ijyb
  3620 | D:4      | Killed Ijyb
  3679 | D:4      | Found a runed translucent door.
  3680 | D:4      | Noticed Crazy Yiuf
  3829 | D:4      | Killed Crazy Yiuf
  3970 | D:5      | Entered Level 5 of the Dungeon
  4027 | D:5      | Noticed Menkaure
  4056 | D:5      | Killed Menkaure
  4057 | D:5      | Gained mutation: You have large cloven feet. [demonic
                  | ancestry]
  4057 | D:5      | Reached XP level 8. HP: 31/57 MP: 7/14
  4299 | D:5      | Noticed Sigmund
  4309 | D:5      | Killed Sigmund
  4779 | D:6      | Found a staircase to the Ecumenical Temple.
  4834 | D:6      | Reached skill level 5 in Stealth
  4849 | Temple   | Entered the Ecumenical Temple
  4871 | Temple   | Became a worshipper of Kikubaaqudgha
  4904 | D:6      | Noticed Duvessa
  4909 | D:6      | Noticed Dowan
  4910 | D:6      | Killed Duvessa
  4911 | D:6      | Reached skill level 1 in Axes
  4917 | D:6      | Killed Dowan
  4972 | D:6      | Gained mutation: Your demonic aura often causes spilled
                  | blood to erupt in flames. [demonic ancestry]
  4972 | D:6      | Reached XP level 9. HP: 62/65 MP: 11/16
  4976 | D:6      | Reached skill level 5 in Spellcasting
  5037 | D:6      | Found a glowing drain.
  5045 | Sewer    | Entered a sewer
  5144 | Sewer    | Reached * piety under Kikubaaqudgha
  5144 | Sewer    | Received a gift from Kikubaaqudgha
  5151 | Sewer    | Learned a level 4 spell: Summon Lightning Spire
  5336 | Sewer    | Reached skill level 5 in Dodging
  6078 | D:7      | Reached skill level 1 in Air Magic
  6128 | D:7      | Reached ** piety under Kikubaaqudgha
  6151 | D:7      | Found a sand-covered staircase.
  6156 | Ossuary  | Entered an ossuary
  7068 | D:8      | Reached skill level 1 in Armour
  7246 | D:8      | Noticed a polar bear
  7253 | D:8      | Noticed a rime drake
  7254 | D:8      | Killed a polar bear
  7257 | D:8      | Killed a rime drake
  7257 | D:8      | Noticed a polar bear
  7258 | D:8      | Reached XP level 10. HP: 64/73 MP: 12/18
  7270 | D:8      | Found a staircase to the Lair.
  7591 | D:8      | Reached skill level 5 in Armour
  7723 | D:8      | Reached skill level 1 in Ranged Weapons
  7950 | D:8      | Reached skill level 2 in Ranged Weapons
  8035 | D:8      | Reached *** piety under Kikubaaqudgha
  8035 | D:8      | Received a gift from Kikubaaqudgha
  8066 | D:9      | Reached skill level 3 in Ranged Weapons
  8335 | D:9      | Reached skill level 4 in Ranged Weapons
  8554 | D:9      | Found a staircase to the Orcish Mines.
  8564 | D:9      | Reached skill level 9 in Ranged Weapons
  8564 | D:9      | Gained mutation: You have a tail ending in a sharp stinger.
                  | [demonic ancestry]
  8564 | D:9      | Reached XP level 11. HP: 78/78 MP: 19/19
  8761 | D:9      | Reached skill level 5 in Fighting
  9132 | D:9      | Identified the +0 leather armour of Kigasil {Rampage Will-
                  | Dex+3}
  9544 | D:10     | Entered Level 10 of the Dungeon
  9739 | D:10     | Noticed Joseph
  9743 | D:10     | Killed Joseph
  9744 | D:10     | Reached skill level 1 in Necromancy
 10185 | D:10     | Noticed a two-headed ogre
 10193 | D:10     | Killed a two-headed ogre
 10379 | D:10     | Noticed a centaur warrior
 10383 | D:10     | Killed a centaur warrior
 10385 | D:10     | Noticed Maggie
 10394 | D:10     | Killed Maggie
 10502 | D:10     | Noticed a death knight
 10514 | D:10     | Gained mutation: Your touch may inflict irresistible damage
                  | on your foes. [demonic ancestry]
 10514 | D:10     | Reached XP level 12. HP: 67/88 MP: 16/21
 10515 | D:10     | Killed a death knight
 10523 | D:10     | Reached skill level 5 in Fire Magic
 10568 | D:10     | Noticed a seven-headed hydra
 10575 | D:10     | Killed a six-headed hydra
 10671 | D:10     | Noticed a two-headed ogre
 10677 | D:10     | Killed a two-headed ogre
 10823 | D:10     | Noticed a two-headed ogre
 10838 | D:10     | Killed a two-headed ogre
 10838 | D:10     | Reached **** piety under Kikubaaqudgha
 10974 | D:10     | Identified a scroll of acquirement
 10974 | D:10     | Acquired a staff of death
 11441 | D:11     | Noticed a boulder beetle
 11453 | D:11     | Killed a boulder beetle
 11616 | D:11     | Reached skill level 10 in Ranged Weapons
 12140 | D:11     | Found Coabit's Armour Boutique.
 12853 | D:12     | Found a gate leading to a gauntlet.
 12867 | Gauntlet | Entered a Gauntlet
 12867 | Gauntlet | Found a transporter.
 12867 | Gauntlet | Found a transporter.
 12867 | Gauntlet | Found a transporter.
 12883 | Gauntlet | Found a transporter.
 12887 | Gauntlet | Found a transporter.
 12897 | Gauntlet | Found a transporter.
 12918 | Gauntlet | Found a transporter.
 12924 | Gauntlet | Found a transporter.
 12978 | Gauntlet | Learned a level 2 spell: Blink
 12996 | Gauntlet | Identified the ring "Mepojuv" {rC+ rN+ Str+6 Dex-5}
 13025 | Gauntlet | Learned a level 4 spell: Martyr's Knell
 13500 | Gauntlet | Identified the +0 tower shield "Verch" {MP+9}
 13500 | Gauntlet | Noticed a minotaur
 13522 | Gauntlet | Killed a minotaur
 13680 | Gauntlet | Got the Papyrus of Decomposition and Wildfire
 13687 | Gauntlet | Identified the +2 ring mail of Ythrenew {Harm rPois Regen+}
 14119 | D:12     | Noticed a two-headed ogre
 14130 | D:12     | Killed a two-headed ogre
 15281 | Lair:1   | Entered Level 1 of the Lair of Beasts
 15612 | Lair:1   | Reached XP level 13. HP: 77/98 MP: 21/23
 15921 | Lair:1   | Reached skill level 5 in Necromancy
 16282 | Lair:1   | Reached skill level 5 in Air Magic
 16591 | Lair:2   | Reached ***** piety under Kikubaaqudgha
 17286 | Lair:2   | Found a hole to the Spider Nest.
 17472 | Lair:2   | Learned a level 4 spell: Animate Dead
 18181 | Lair:3   | Noticed Urug
 18184 | Lair:3   | Reached skill level 1 in Translocations
 18184 | Lair:3   | HP: 3/102 [death yak (25)]
 18186 | Lair:3   | Demolished by a death yak

Illustrated notes

Levels and vault maps discovered:
D:1:      dpeg_arrival_court, layout_basic,
          shapermc_ecumenical_altar_mp_urbaneastern,
          wad_floor_pattern_untrapped, st_stairs_3
D:2:      layout_rooms, serial_shops, nicolae_shop_mannequins,
          kennysheep_cluttered_room, grunt_ministairs_10
D:3:      layout_rooms, kennysheep_minor_cross
D:4:      layout_basic, kennysheep_mini_moat, chequers_serial_rivers_marsh,
          uniq_eustachio, uniq_ijyb, uniq_crazy_yiuf_cottage
D:5:      layout_gridville, uniq_sigmund, uniq_menkaure
D:6:      layout_cave_pools, temple_statues, lightli_sewer_entry_pipes,
          uniq_duvessa
D:7:      layout_loops_ring, enter_ossuary_5
D:8:      layout_gridville, hellmonk_lair_entry_icy
D:9:      layout_gridville, erik_orc_4
D:10:     layout_basic, wad_scary_box, uniq_joseph, uniq_maggie
D:11:     layout_grid_maze, serial_shops, nicolae_shop_hallway_stairs,
          kennysheep_crisscross
D:12:     layout_basic, gauntlet_entry_generic
Temple:   mainiacjoe_temple_trianglar_array
Lair:1:   kb_forest_paths, layout_regular_city, infiniplex_staircase_pool
Lair:2:   layout_layer_cave, dummy_spider_entry, grunt_megastairs_5
Lair:3:   layout_chaotic_city, nicolae_shoals_entry_flooding,
          lightli_volcano_entry_magma_tube,
          hellmonk_guarded_unrand_seven_league_boots, lemuel_fruit_fields,
          uniq_urug

Skill      XL: |  1  2  3  4  5  6  7  8  9 10 11 12 13 |
---------------+----------------------------------------+-----
Dodging        | 2 3 4 5 7 |  7.8
Stealth        | 2 3 4 5 |  5.0
Spellcasting   | 3 4 5 6 7 |  7.9
Summonings     | 5 6 7 8 9 |  9.2
Fighting       | 1 2 4 6 8 9 |  9.7
Fire Magic     | 1 2 3 4 5 |  5.0
Axes           | 1 2 |  2.7
Air Magic      | 2 3 4 5 |  5.7
Armour         | 3 5 |  5.0
Ranged Weapons | 9 10 | 10.0
Necromancy     | 2 4 6 |  6.1
Translocations | 1 |  1.1

Action                     |  1- 3 |  4- 6 |  7- 9 | 10-12 | 13-15 || total
---------------------------+-------+-------+-------+-------+-------++-------
  Melee: Short sword       |    57 |     3 |       |     1 |       ||    61
         Touch             |     6 |    11 |    21 |     6 |     1 ||    45
         Punch             |     1 |       |     4 |       |       ||     5
         Hand axe          |       |    75 |   148 |    18 |     3 ||   244
         Tailslap          |       |     6 |    26 |     5 |       ||    37
         Halberd           |       |       |       |     1 |       ||     1
   Fire: Orcbow            |       |       |    99 |   245 |   133 ||   477
   Cast: Summon Small Mamm |    26 |    27 |    16 |       |       ||    69
         Call Imp          |    10 |    14 |    11 |     3 |       ||    38
         Call Canine Famil |     5 |     8 |    10 |     3 |       ||    26
         Summon Blazeheart |       |     1 |    12 |    32 |    21 ||    66
         Summon Lightning  |       |       |     1 |     2 |    11 ||    14
         Martyr's Knell    |       |       |       |     2 |       ||     2
         Blink             |       |       |       |     1 |       ||     1
         Animate Dead      |       |       |       |       |     1 ||     1
    Use: Scroll            |       |    11 |    13 |    14 |     3 ||    41
         Potion            |       |       |     2 |     8 |       ||    10
   Stab: Sleeping          |     1 |     4 |     5 |     1 |       ||    11
         Distracted        |       |       |     5 |       |       ||     5
         Invisible         |       |       |     2 |       |       ||     2
 Armour: Robe              |    46 |    50 |   132 |       |       ||   228
         Leather armour    |       |       |     6 |    73 |    44 ||   123
  Dodge: Dodged            |    52 |    63 |   204 |    71 |    47 ||   437
